 Dungeon Crawl Stone Soup version 0.19.4-12-gccf7e64 (webtiles) character file.

762 Magnus the Carver (level 7, -3/53 HPs)
             Began as a Demonspawn Monk on Feb 27, 2017.
             Slain by an orc
             ... wielding a +0 trident
              (8 damage)
             ... on level 5 of the Dungeon.
             The game lasted 00:12:11 (5045 turns).

Magnus the Carver (Demonspawn Monk)                 Turns: 5045, Time: 00:12:12

Health: -3/53      AC:  7    Str: 14    XL:     7   Next: 51%
Magic:  7/7        EV: 12    Int: 11    God:
Gold:   246        SH:  0    Dex: 15    Spells: 0 memorised, 6 levels left

rFire  + . .     SeeInvis .     a - +1 falchion
rCold  . . .     Gourm    .     f - +0 leather armour
rNeg   . . .     Faith    .     (no shield)
rPois  .         Spirit   .     (no helmet)
rElec  .         Reflect  .     t - +2 cloak
rCorr  .         Harm     .     (no gloves)
MR     .....     Rnd*Tele +     (no boots)
Stlth  ++........               e - amulet of rage
                                g - ring of teleportation (curse)
                                n - +3 ring of slaying

@: no status effects
A: hooves 1, rugged brown scales 1, fire resistance 1
a: Evoke Berserk Rage


You were on level 5 of the Dungeon.
You were not hungry.

You visited 1 branch of the dungeon, and saw 5 of its levels.

You collected 246 gold pieces.

Inventory:

Hand Weapons
 a - a +1 falchion (weapon)
Missiles
 d - 7 poisoned javelins (quivered)
 o - 2 throwing nets
Armour
 b - a +0 robe
 f - a +0 leather armour (worn)
 j - a +0 plate armour
 t - a +2 cloak (worn)
Jewellery
 e - an amulet of rage (around neck)
 g - a cursed ring of teleportation (right hand)
 n - a +3 ring of slaying (left hand)
 s - an uncursed amulet of guardian spirit
Wands
 y - a wand of polymorph (16/24)
Scrolls
 h - 4 scrolls of teleportation
 k - 3 scrolls of fog
 m - a scroll of recharging
 p - 4 scrolls of identify
 v - a scroll of magic mapping
 x - a scroll of enchant armour {unknown}
Potions
 i - 3 potions of agility
 q - 2 potions of magic {unknown}
 r - a potion of heal wounds
 u - 2 potions of degeneration {unknown}
 z - a potion of cure mutation {unknown}
Books
 w - a book of Callings

   Spells                             Type                      Level
   a - Summon Small Mammal            Summoning                    1
   b - Call Imp                       Summoning                    2
   c - Call Canine Familiar           Summoning                    3
   d - Summon Guardian Golem          Hexes/Summoning              3
   e - Summon Lightning Spire         Summoning/Air                4
   f - Summon Ice Beast               Ice/Summoning                4
Comestibles
 c - 3 bread rations
 l - a slice of pizza
 A - 4 chunks of flesh
 B - a meat ration


   Skills:
 - Level 3.0 Fighting
 + Level 8.2 Long Blades
 - Level 2.6 Dodging
 - Level 1.7 Stealth


You had 6 spell levels left.
You didn't know any spells.

Dungeon Overview and Level Annotations

Branches:
Dungeon (5/15)             Temple (0/1) D:5

Altars:
Elyvilon
Gozag
Zin
The Shining One


Innate Abilities, Weirdness & Mutations

You have large cloven feet.
You are partially covered in rugged brown scales. (AC +1, +3% HP)
Your flesh is heat resistant. (rF+)


Message History

You miss something. Something hits you.
You hit something.
You hear some strange, mumbled words.
A magic dart appears from out of thin air!
The magic dart hits you! The orc hits you but does no damage.
You miss something. Something hits you.
* * * LOW HITPOINT WARNING * * *
The orc hits you but does no damage.
You are too injured to fight recklessly!
You are too injured to fight recklessly!
You miss something. You kick something.
You hear some strange, mumbled words.
Something tries to affect you, but you resist.
You miss something. The orc closely misses you. Something hits you.
* * * LOW HITPOINT WARNING * * *
You hit something. The orc misses you. Something hits you!
* * * LOW HITPOINT WARNING * * *
You barely miss something. You kick something.
The orc hits you from afar with a trident!
You die...

......
..⌠..
#### ....
#.. ..(
#.# #
##.#
####.##.#
# #..#
#..(....#
... #.##
#.##(####
#..#.## #
#@#
#.....
#.)......
#.....
.o##.....
#...##
...# ....
#.....
##..# ...
#....#
#..# ..
#..#.#
#..# #
#.....
#.##
##....
###.#


You could see an orc.

Vanquished Creatures
  A scorpion (D:4)
  A hound (D:4)
  A centaur skeleton (D:4)
  5 orc priests
  An iguana (D:5)
  5 orc wizards
  Terence (D:2)
  2 worker ants
  A hound skeleton (D:5)
  10 gnolls
  A howler monkey skeleton (D:5)
  An adder (D:2)
  2 worms (D:2)
  4 dart slugs (D:1)
  3 leopard geckos
  17 orcs
  10 bats
  3 giant cockroaches
  10 goblins
  8 hobgoblins
  4 jackals
  9 kobolds
  4 quokkas
  2 ball pythons
  9 frilled lizards
  3 rats
118 creatures vanquished.

Vanquished Creatures (others)
  An orc wizard (D:5)
  A gnoll (D:4)
  7 toadstools (D:1)
9 creatures vanquished.

Grand Total: 127 creatures vanquished

Notes
Turn   | Place    | Note
-------+----------+-------------------------------------------
     0 | D:1      | Magnus the Demonspawn Monk began the quest for the Orb.
     0 | D:1      | Reached XP level 1. HP: 18/18 MP: 1/1
    90 | D:1      | Reached skill level 3 in Long Blades
   106 | D:1      | Gained mutation: You have large cloven feet. [demonic ancestry]
   106 | D:1      | Reached XP level 2. HP: 22/24 MP: 2/2
   374 | D:1      | Gained mutation: Your flesh is heat resistant. (rF+) [demonic ancestry]
   374 | D:1      | Reached XP level 3. HP: 26/29 MP: 3/3
   613 | D:1      | Reached skill level 4 in Long Blades
  1085 | D:2      | Noticed Terence
  1101 | D:2      | Killed Terence
  1101 | D:2      | Reached XP level 4. HP: 35/35 MP: 4/4
  1285 | D:2      | Found a glowing silver altar of Zin.
  1285 | D:2      | Found a glowing golden altar of the Shining One.
  1286 | D:2      | Found a white marble altar of Elyvilon.
  1719 | D:3      | Found an opulent altar of Gozag.
  1785 | D:3      | Reached skill level 5 in Long Blades
  1785 | D:3      | Gained mutation: You are partially covered in rugged brown scales. (AC +1, +3% HP) [demonic ancestry]
  1785 | D:3      | Reached XP level 5. HP: 15/42 MP: 5/5
  3050 | D:3      | Reached skill level 6 in Long Blades
  3144 | D:4      | Reached XP level 6. HP: 48/48 MP: 6/6
  3397 | D:4      | HP: 2/48 [orc priest/divine providence (7)]
  3662 | D:3      | Reached skill level 7 in Long Blades
  4061 | D:4      | Reached XP level 7. HP: 39/53 MP: 7/7
  4701 | D:5      | Entered Level 5 of the Dungeon
  5020 | D:5      | Found a staircase to the Ecumenical Temple.
  5025 | D:5      | Reached skill level 8 in Long Blades
  5045 | D:5      | Slain by an orc

Skill      XL: |  1  2  3  4  5  6  7 |
---------------+----------------------+-----
Long Blades    | 3 4 5 6 7 8 |  8.2
Fighting       | |  3.0
Dodging        | |  2.6
Stealth        | |  1.7

Action                   |  1- 3 |  4- 6 |  7- 9 || total
-------------------------+-------+-------+-------++-------
Melee: Falchion          |    94 |   173 |    63 ||   330
       Kick              |    27 |    62 |    27 ||   116
Throw: Javelin           |       |     2 |       ||     2
 Abil: Evoke Berserk Rag |     1 |       |       ||     1
  Use: Scroll            |       |     9 |       ||     9
       Potion            |       |     1 |       ||     1
 Stab: Sleeping          |     2 |     1 |       ||     3
       Distracted        |       |     1 |     1 ||     2
  Eat: Chunk             |       |    11 |     3 ||    14
Armor: Robe              |    12 |    11 |       ||    23
       Leather armour    |       |    38 |    14 ||    52
Dodge: Dodged            |    71 |   140 |    30 ||   241
       Rpst.: Falchion   |    20 |    46 |    12 ||    78
